 Dungeon Crawl Stone Soup version 0.29.1-1-gd02db6906a (webtiles) character file.

Game seed: 14739523921828701282

224 xian the Trooper (level 5, -1/43 HPs)
             Began as a Demonspawn Abyssal Knight on Oct 8, 2022.
             Was a Priest of Lugonu.
             Slain by an ogre
             ... wielding a +0 giant spiked club
              (23 damage)
             ... on level 4 of the Dungeon.
             The game lasted 00:05:17 (3045 turns).

xian the Trooper (Demonspawn Abyssal Knight)        Turns: 3045, Time: 00:05:18

Health: -1/43      AC: 11    Str: 15    XL:     5   Next: 67%
Magic:  15/15      EV:  4    Int: 11    God:    Lugonu [***...]
Gold:   234        SH:  0    Dex: 14    Spells: 4/4 levels left

rFire   x . .      SeeInvis .   l - +1 hand axe (vorpal)
rCold   + . .      Faith    .   (no shield)
rNeg    . . .      Spirit   .   p - +0 plate armour
rPois   .          Reflect  .   (no helmet)
rElec   .          Harm     .   (no cloak)
rCorr   .          Rampage  .   (no gloves)
Will    .....                   (no boots)
Stlth   ..........              q - amulet of the acrobat
HPRegen 0.14/turn               d - ring of ice
MPRegen 0.14/turn               g - ring of magical power

@: about to teleport
A: powered by death 1, weakness stinger 1
a: Renounce Religion, Depart the Abyss, Bend Space, Banish


You were on level 4 of the Dungeon.
You worshipped Lugonu.
Lugonu was most pleased with you.
You visited 1 branch of the dungeon, and saw 4 of its levels.
You visited the Abyss 1 time.

You collected 234 gold pieces.

Inventory:

Hand Weapons
 l - a +1 vorpal hand axe (weapon)
Missiles
 e - 15 stones
 k - 5 poisoned darts (quivered)
Armour
 p - a +0 plate armour (worn)
Jewellery
 d - a ring of ice (left hand)
 g - a ring of magical power (right hand)
 q - an amulet of the acrobat (around neck)
Wands
 b - a wand of digging (2)
 r - a wand of quicksilver (3)
Scrolls
 a - 3 scrolls of identify {unknown}
 h - a scroll of teleportation
 j - 2 scrolls of vulnerability {unknown}
Potions
 c - a potion of cancellation {unknown}
 f - a potion of flight {unknown}
 i - a potion of brilliance {unknown}
 m - a potion of degeneration {unknown}
 n - a potion of curing {unknown}
 o - 2 potions of heal wounds


   Skills:
 + Level 4.4 Fighting
 + Level 3.2 Axes
 + Level 1.5 Throwing
 + Level 2.7 Armour
 + Level 1.2 Dodging
 + Level 0.5 Stealth
 + Level 2.5 Invocations


You had 4 spell levels left.
You didn't know any spells.
Your spell library was empty.

Dungeon Overview and Level Annotations

Branches:
Dungeon (4/15)
 Temple: D:4-7

Altars:
Wu Jian

Shops:
D:1 (


Innate Abilities, Weirdness & Mutations

You regenerate a little health from kills.
You have a small tail.


Message History

The ogre shouts!
You hit the ball python.
You kill the ball python!
Lugonu accepts your kill. The ogre misses you.
The ogre attacks as you move away! The ogre barely misses you.
You throw a poisoned dart. The poisoned dart hits the ogre.
The ogre is poisoned.
Found a stone staircase leading down.
The ogre attacks as you move away!
The ogre hits you with a +0 giant spiked club!!
Ouch! That really hurt!
There is a stone staircase leading down here.
The ogre looks more healthy.
A worm comes into view.
You are too injured to fight recklessly!
Throw: 6 darts (poison)
Press: ? - help, Q - select action, (/) - cycle Shift-Dir - straight line, f/p - ogre
Aim: an ogre, wielding a +0 giant spiked club (lightly wounded, 75% to hit)
You throw a poisoned dart.
The poisoned dart barely misses the ogre.
It was a potion of heal wounds.
You feel much better.
The ogre hits you with a +0 giant spiked club.
You barely miss the ogre.
Your tail-slap misses the ogre.
The ogre is lightly wounded.
The ogre hits you with a +0 giant spiked club!!
Unknown command.
As you read the scroll labelled VOWOFA SUHIHO, it crumbles to dust.
You feel strangely unstable.
It was a scroll of teleportation.
The ogre hits you with a +0 giant spiked club.
You hit the ogre.
The ogre is moderately wounded.
You hit the worm. The worm bites you but does no damage.
Unknown command.
You hit the ogre.
The ogre is moderately wounded.
You hit the worm.
The ogre hits you with a +0 giant spiked club!!
Ouch! That really hurt!
You die...

#### #.. #.#
#########.#########
#.w@O....>(.......#
......###############.#
##### #.# #.# #.#. #.#.
#.†. #.## #.#


You could see an ogre and a worm.

Vanquished Creatures
  A phantom (D:4)
  A hound (D:4)
  Jessica (D:3)
  Terence (D:3)
  2 adders
  A dart slug (D:2)
  3 orcs (D:3)
  9 ball pythons
  5 endoplasms
  5 giant cockroaches
  3 hobgoblins
  3 kobolds
  A quokka (D:2)
  5 bats
  A frilled lizard (D:1)
  4 goblins
  4 rats
50 creatures vanquished.

Notes
Turn   | Place    | Note
-------+----------+-------------------------------------------
     0 | Abyss:1  | xian the Demonspawn Abyssal Knight began the quest for the
                  | Orb.
     0 | Abyss:1  | Reached XP level 1. HP: 18/18 MP: 2/2
     1 | D:1      | Escaped the Abyss
   271 | D:1      | Found Ogugizuc's Weapon Emporium.
   308 | D:1      | Gained mutation: You have a small tail. [demonic ancestry]
   308 | D:1      | Reached XP level 2. HP: 22/24 MP: 3/3
  1063 | D:2      | Reached XP level 3. HP: 28/29 MP: 4/4
  1360 | D:2      | Found a faded altar of an unknown god.
  1451 | D:2      | Reached skill level 1 in Dodging
  1836 | D:3      | Reached *** piety under Lugonu
  1994 | D:3      | Found an ornate altar of the Wu Jian Council.
  2123 | D:3      | Noticed Jessica
  2139 | D:3      | Killed Jessica
  2140 | D:3      | Gained mutation: You regenerate a little health from kills.
                  | [demonic ancestry]
  2140 | D:3      | Reached XP level 4. HP: 20/37 MP: 5/5
  2455 | D:3      | Noticed Terence
  2468 | D:3      | Killed Terence
  2469 | D:3      | Reached skill level 4 in Fighting
  2991 | D:4      | Reached skill level 1 in Throwing
  2991 | D:4      | Reached XP level 5. HP: 40/42 MP: 6/6
  2995 | D:4      | Noticed a phantom
  3011 | D:4      | Killed a phantom
  3017 | D:4      | Noticed an ogre
  3045 | D:4      | Slain by an ogre

Illustrated notes

Levels and vault maps discovered:
D:1:      psy_arrival_fountain, layout_basic, serial_shops, nicolae_shop_trees,
          minmay_ruptured
D:2:      layout_basic, hellmonk_ecumenical_altar_arch_garden
D:3:      layout_basic, nzn_wu_jian_contemplation, uniq_jessica, uniq_terence
D:4:      layout_loops_ring, minmay_temple_entry_arrows, nicolae_elemental_shop

Skill      XL: |  1  2  3  4  5 |
---------------+----------------+-----
Axes           | 2 3 |  3.2
Armour         | 2 |  2.7
Dodging        | 1 |  1.2
Fighting       | 4 |  4.4
Throwing       | 1 |  1.5
Stealth        | |  0.5
Invocations    | |  2.5

Action                   |  1- 3 |  4- 6 || total
-------------------------+-------+-------++-------
Melee: Hand axe          |    91 |    37 ||   128
       Tailslap          |     6 |     2 ||     8
       Punch             |     3 |       ||     3
Throw: Stone             |    38 |       ||    38
       Dart              |     2 |     7 ||     9
  Use: Scroll            |       |     1 ||     1
       Potion            |       |     1 ||     1
Armor: Leather armour    |    20 |       ||    20
       Plate armour      |    25 |    36 ||    61
Dodge: Dodged            |    48 |    20 ||    68
